 Dungeon Crawl Stone Soup version 0.22-a0-456-g11ed031 (webtiles) character file.

210 Espgualade the Skirmisher (level 5, 0/30 HPs)
             Began as a Tengu Ice Elementalist on June 6, 2018.
             Slain by an ogre
             ... wielding a +0 giant club
              (13 damage)
             ... on level 5 of the Dungeon.
             The game lasted 00:09:13 (2815 turns).

Espgualade the Skirmisher (Tengu Ice Elementalist)  Turns: 2815, Time: 00:09:13

Health: 0/30       AC:  3    Str:  8    XL:     5   Next: 87%
Magic:  9/9        EV: 13    Int: 21    God:
Gold:   126        SH:  0    Dex: 15    Spells: 2/8 levels left

rFire    + . .     SeeInvis .   b - +2 mace (protect)
rCold    . . .     Gourm    .   (no shield)
rNeg     . . .     Faith    +   a - +1 robe
rPois    +         Spirit   .   (helmet restricted)
rElec    .         Reflect  .   (no cloak)
rCorr    .         Harm     .   (no gloves)
MR       .....                  (boots unavailable)
Stlth    +.........             q - amulet of faith
HPRegen  0.10/turn              j - ring of protection from fire
MPRegen  0.11/turn              k - ring of poison resistance

@: confused, brilliant, very slightly contaminated, hasted, drained, very quick
A: beak, talons 3, frail 1, wild magic 1, able to fly 1
a: Fly


You were on level 5 of the Dungeon.
You were not hungry.

You visited 1 branch of the dungeon, and saw 5 of its levels.

You collected 126 gold pieces.

Inventory:

Hand Weapons
 b - a +2 mace of protection (weapon)
 i - a +1 dagger of electrocution
Armour
 a - a +1 robe (worn)
Jewellery
 d - an uncursed amulet of harm
 j - a ring of protection from fire (left hand)
 k - a ring of poison resistance (right hand)
 q - an amulet of faith (around neck)
Wands
 n - a wand of iceblast (8)
Scrolls
 g - a scroll of identify
 l - 2 scrolls of amnesia
 m - 6 scrolls of remove curse
Potions
 p - a potion of haste
Comestibles
 c - 3 rations


   Skills:
 - Level 4.8(3.9) Fighting
 + Level 2.9(2.1) Dodging
 + Level 2.7(1.9) Stealth
 - Level 2.0(1.2) Spellcasting
 - Level 1.3(0.6) Conjurations
 - Level 2.6(1.9) Ice Magic


You had 2 spell levels left.
You knew the following spells:

 Your Spells              Type           Power        Failure   Level  Hunger
a - Freeze                Ice            ####         1%          1    ##.....
b - Throw Frost           Conj/Ice       ###...       2%          2    ###....
c - Ozocubu's Armour      Chrm/Ice       ###.....     5%          3    ####...

Your spell library contained the following spells:

 Spells                   Type           Power        Failure   Level  Hunger
 Summon Small Mammal      Summ           ###.         2%          1    ##.....
 Summon Ice Beast         Ice/Summ       ###.....     14%         4    #####..
 Call Imp                 Summ           ###.....     4%          2    ###....
 Throw Icicle             Conj/Ice       ###.....     13%         4    #####..
 Call Canine Familiar     Summ           ###.....     7%          3    ####...
 Summon Lightning Spire   Summ/Air       ###.....     21%         4    #####..
 Summon Guardian Golem    Hex/Summ       ###.....     7%          3    ####...


Dungeon Overview and Level Annotations

Branches:
Dungeon (5/15)
 Temple: D:4-7

Altars:
Hepliaklqana
Okawaru
Wu Jian

Annotations:
D:3 Robin
D:5 Prince Ribbit


Innate Abilities, Weirdness & Mutations

You have a beak for a mouth.
You have claws for feet.
You can fly.
You are frail. (-10% HP)
Your spells are a little harder to cast, but a little more powerful.


Message History

The iguana hisses angrily.
You feel yourself speed up.
You feel clever all of a sudden.
Casting: Ozocubu's Armour (safe; 5% risk of failure)
Confirm with . or Enter, or press ? or * to list all spells.
A film of ice covers your body! The ogre hits you with a giant club!!
Ouch! That really hurt!
* * * LOW HITPOINT WARNING * * *
Your icy armour cracks and falls away as you move.
You are confused.
You feel invigorated.
You're too confused to cast spells.
You bump into the rock wall.
Unknown command.
You're too confused to cast spells.
You're too confused!
Unknown command.
You're too confused to move!
You bump into the rock wall.
The ogre hits you with a giant club!
You die...

##.
#..
#.#
#.#
#.#
#.#
#l#
#O#
#@#
#.#
####.#
#....#
#
#.####
# #
#.# #
#F #.#
# #%
#####
#.# #
#..
...#
#.#


You could see an ogre and an iguana.

Vanquished Creatures
  An orc wizard (D:5)
  A worker ant (D:5)
  9 adders
  An ooze (D:1)
  2 worms (D:2)
  A dart slug (D:1)
  13 orcs
  7 bats
  2 giant cockroaches
  5 goblins
  5 hobgoblins
  4 kobolds (D:2)
  A frilled lizard (D:1)
  A leopard gecko skeleton (D:5)
  A quokka skeleton (D:5)
  4 rats
58 creatures vanquished.

Notes
Turn   | Place    | Note
-------+----------+-------------------------------------------
     0 | D:1      | Espgualade the Tengu Ice Elementalist began the quest for the Orb.
     0 | D:1      | Reached XP level 1. HP: 10/10 MP: 4/4
    64 | D:1      | Reached skill level 1 in Fighting
    75 | D:1      | Reached XP level 2. HP: 16/16 MP: 1/6
   272 | D:1      | Reached skill level 2 in Fighting
   909 | D:1      | Learned a level 2 spell: Throw Frost
   976 | D:2      | Reached XP level 3. HP: 16/22 MP: 7/7
  1217 | D:2      | Learned a level 3 spell: Ozocubu's Armour
  1453 | D:2      | Reached skill level 3 in Fighting
  1940 | D:2      | Reached XP level 4. HP: 19/28 MP: 0/8
  2042 | D:2      | Found a hazy altar of Hepliaklqana.
  2201 | D:3      | Reached skill level 4 in Fighting
  2360 | D:3      | Gained mutation: You can fly. [Tengu growth]
  2360 | D:3      | Reached XP level 5. HP: 23/34 MP: 4/9
  2433 | D:3      | Found an ornate altar of the Wu Jian Council.
  2505 | D:3      | Noticed Robin
  2601 | D:5      | Entered Level 5 of the Dungeon
  2606 | D:5      | Noticed an ogre
  2676 | D:5      | Gained mutation: You are frail. (-10% HP) [potion of mutation]
  2676 | D:5      | Gained mutation: Your spells are a little harder to cast, but a little more powerful. [potion of mutation]
  2713 | D:5      | Found an iron altar of Okawaru.
  2732 | D:5      | Noticed Prince Ribbit
  2801 | D:5      | Noticed an ogre
  2815 | D:5      | Slain by an ogre

Vault maps used:
D:1:      dpeg_arrival_shrine, kennysheep_pointless_box
D:2:      nicolae_overflow_hidden_temple, minmay_pentomino_v2
D:3:      nicolae_overflow_crystal_walls, uniq_robin, uniq_grinder
D:5:      tgw_fedhas, lemuel_crystal_altar, lemuel_round_altar, first_ration,
          hangedman_minor_gate_pass, uniq_prince_ribbit1

Skill      XL: |  1  2  3  4 |
---------------+-------------+-----
Fighting       | 1 2 3 4 |  4.8
Dodging        | |  2.9
Stealth        | |  2.7
Spellcasting   | |  2.0
Conjurations   | |  1.3
Ice Magic      | |  2.6

Action                   |  1- 3 |  4- 6 || total
-------------------------+-------+-------++-------
Melee: Mace              |    57 |    44 ||   101
       Kick              |    10 |     5 ||    15
       Peck              |     2 |     8 ||    10
 Cast: Freeze            |    11 |    36 ||    47
       Throw Frost       |     5 |     3 ||     8
       Ozocubu's Armour  |     2 |     1 ||     3
  Use: Scroll            |     1 |     4 ||     5
       Potion            |       |     7 ||     7
 Stab: Sleeping          |     1 |     3 ||     4
       Distracted        |       |     1 ||     1
  Eat: Chunk             |     1 |     2 ||     3
       Ration            |     1 |     1 ||     2
Armor: Robe              |    15 |    24 ||    39
Dodge: Dodged            |    56 |    50 ||   106

Table legend:
 A = Spawn XP
 B = Non-spawn XP
 C = Spawn XP percentage of total XP
 D = Spawn monster count
 E = Non-spawn monster count
 F = Spawn count percentage of total count
 G = Total turns spent on level
                    A         B        C        D         E        F      G
               +---------+---------+-------+---------+---------+-------+---------
         Total |       0 |     300 |   0.0 |       0 |      58 |   0.0 |  2815
               +---------+---------+-------+---------+---------+-------+---------
           D:1 |       0 |      24 |   0.0 |       0 |      11 |   0.0 |   911
           D:2 |       0 |      90 |   0.0 |       0 |      22 |   0.0 |  1282
           D:3 |       0 |      91 |   0.0 |       0 |      14 |   0.0 |   326
           D:4 |       0 |       5 |   0.0 |       0 |       2 |   0.0 |    87
           D:5 |       0 |      90 |   0.0 |       0 |       9 |   0.0 |   209
               +---------+---------+-------+---------+---------+-------+---------
